2358 views
Uploaded 2021-12-09 05:40:20
Game version 1.32.10
19:59 long 1on1 ladder game on (4)TurtleRock
Saved by SleepyBear
2358 views
Uploaded 2021-12-09 05:40:20
Game version 1.32.10
19:59 long 1on1 ladder game on (4)TurtleRock

46 units @ 6.9k
/ 0.6k
14 buildings @ 2.4k
/ 0.9k



| Healing Salve | 4 | 400 |
| Lesser Clarity Potion | 5 | 350 |
| Scroll of Speed | 3 | 150 |
| Potion of Healing | 1 | 150 |
| Dust of Appearance | 1 | 75 |
| Scroll of Healing | 1 | 250 |
| total: | 15 | 1375g |
| Peon | 12 | 900 | / | 0 |
| Grunt | 14 | 2800 | / | 0 |
| Troll Headhunter | 5 | 700 | / | 100 |
| Raider | 8 | 1440 | / | 320 |
| Wind Rider | 1 | 265 | / | 40 |
| Shaman | 3 | 390 | / | 60 |
| Troll Witch Doctor | 3 | 435 | / | 75 |
| total: | 46 | 6930g | / | 595w |
| Watch Tower | 1 | 110 | / | 80 |
| Altar of Storms | 1 | 180 | / | 50 |
| Orc Burrow | 6 | 960 | / | 240 |
| Voodoo Lounge | 1 | 130 | / | 30 |
| Barracks | 1 | 180 | / | 50 |
| War Mill | 1 | 205 | / | 0 |
| Great Hall | 1 | 385 | / | 185 |
| Spirit Lodge | 1 | 150 | / | 150 |
| Beastiary | 1 | 145 | / | 140 |
| Stronghold | 1 | 315 | / | 190 |
| Fortress | 1 | 325 | / | 190 |
| total: | 14 | 2445g | / | 925w |
| 0:08 | Peon |
| 0:08 | Peon |
| 0:13 | Altar of Storms |
| 0:16 | Orc Burrow |
| 0:34 | Peon |
| 0:48 | Peon |
| 1:04 | Peon |
| 1:12 | Voodoo Lounge |
| 1:20 | Peon |
| 1:20 | Peon |
| 1:21 | Peon |
| 1:42 | Barracks |
| 2:00 | War Mill |
| 2:15 | Feral Spirit |
| 2:24 | Healing Salve |
| 2:24 | Lesser Clarity Potion |
| 2:24 | Scroll of Speed |
| 2:33 | Orc Burrow |
| 2:33 | Orc Burrow |
| 2:39 | Orc Burrow |
| 3:24 | Grunt |
| 3:57 | Troll Headhunter |
| 3:57 | Troll Headhunter |
| 4:03 | Dust of Appearance |
| 4:17 | Troll Headhunter |
| 4:31 | Troll Headhunter |
| 4:37 | Orc Burrow |
| 4:53 | Grunt |
| 5:25 | Stronghold |
| 6:01 | Healing Salve |
| 6:03 | Lesser Clarity Potion |
| 6:08 | Scroll of Speed |
| 6:13 | Grunt |
| 6:36 | Watch Tower |
| 6:39 | Orc Burrow |
| 6:45 | Chain Lighting |
| 6:51 | Steel Melee Weapons |
| 7:08 | Troll Headhunter |
| 7:10 | Steel Ranged Weapons |
| 8:11 | Grunt |
| 8:11 | Grunt |
| 8:19 | Feral Spirit |
| 8:41 | Spirit Lodge |
| 8:46 | Lesser Clarity Potion |
| 8:48 | Healing Salve |
| 8:49 | Scroll of Speed |
| 8:56 | Lesser Clarity Potion |
| 9:02 | War Stomp |
| 9:11 | Beastiary |
| 9:36 | Fortress |
| 10:01 | Grunt |
| 10:41 | Raider |
| 10:42 | Ensnare |
| 10:45 | Grunt |
| 10:49 | Shaman Adept Training |
| 10:54 | Endurance Aura |
| 11:39 | Grunt |
| 11:51 | Grunt |
| 12:16 | Healing Salve |
| 12:38 | Berserker Strength |
| 12:59 | Lesser Clarity Potion |
| 13:00 | Potion of Healing |
| 13:03 | Witch Doctor Adept Training |
| 13:09 | Wind Rider |
| 13:15 | Raider |
| 13:25 | Chain Lighting |
| 13:33 | Grunt |
| 13:55 | Healing Wave |
| 14:13 | Raider |
| 14:15 | Grunt |
| 14:16 | Shaman Master Training |
| 14:17 | Witch Doctor Master Training |
| 14:45 | Great Hall |
| 15:06 | War Stomp |
| 15:25 | Serpent Ward |
| 15:52 | Pillage |
| 15:53 | Grunt |
| 15:55 | Shaman |
| 15:55 | Troll Witch Doctor |
| 15:57 | Raider |
| 16:27 | Raider |
| 16:55 | Healing Wave |
| 17:05 | Grunt |
| 17:07 | Raider |
| 17:12 | Feral Spirit |
| 17:32 | Peon |
| 17:32 | Peon |
| 17:32 | Peon |
| 17:32 | Peon |
| 17:47 | Shaman |
| 17:51 | Troll Witch Doctor |
| 18:16 | Scroll of Healing |
| 19:01 | Endurance Aura |
| 19:35 | Grunt |
| 19:36 | Shaman |
| 19:36 | Troll Witch Doctor |
| 19:38 | Raider |
| 19:38 | Raider |
| Right click | 840 |
| Select | 347 |
| Select group | 233 |
| Build/train/purchase | 152 |
| Misc. action | 74 |
| Use ability | 44 |
| Assign group | 37 |
| Chat | 12 |
| Esc | 2 |
| Item give/drop | 1 |
| Minimap ping | 1 |
41 units @ 5.5k
/ 0.8k
18 buildings @ 3.1k
/ 1.2k


| Scroll of Healing | 1 | 250 |
| Scroll of Town Portal | 1 | 350 |
| Scroll of Protection | 2 | 300 |
| total: | 4 | 900g |
| Wisp | 15 | 900 | / | 0 |
| Archer | 2 | 260 | / | 20 |
| Huntress | 17 | 3315 | / | 340 |
| Dryad | 7 | 1015 | / | 420 |
| total: | 41 | 5490g | / | 780w |
| Ancient Protector | 3 | 405 | / | 240 |
| Moon Well | 8 | 1440 | / | 320 |
| Altar of Elders | 1 | 180 | / | 50 |
| Ancient of War | 2 | 300 | / | 120 |
| Hunter's Hall | 1 | 210 | / | 100 |
| Tree of Life | 1 | 340 | / | 185 |
| Ancient of Wonders | 1 | 90 | / | 30 |
| Ancient of Lore | 1 | 155 | / | 145 |
| Tree of Ages | 2 | 640 | / | 360 |
| Tree of Eternity | 1 | 330 | / | 200 |
| total: | 18 | 3120g | / | 1190w |
| 0:01 | Wisp |
| 0:01 | Wisp |
| 0:04 | Moon Well |
| 0:06 | Altar of Elders |
| 0:12 | Wisp |
| 0:37 | Wisp |
| 0:45 | Ancient of War |
| 0:51 | Wisp |
| 0:59 | Wisp |
| 1:11 | Wisp |
| 1:29 | Moon Well |
| 1:31 | Wisp |
| 1:43 | Wisp |
| 1:46 | Archer |
| 1:56 | Moon Well |
| 2:05 | Force of Nature |
| 2:21 | Archer |
| 2:33 | Hunter's Hall |
| 2:57 | Ancient of War |
| 3:49 | Moon Well |
| 3:52 | Tree of Ages |
| 3:57 | Huntress |
| 4:12 | Huntress |
| 4:29 | Entangling Roots |
| 4:59 | Huntress |
| 5:29 | Moon Well |
| 6:35 | Huntress |
| 6:39 | Drunken Haze |
| 6:41 | Moon Glaive |
| 7:05 | Huntress |
| 7:13 | Strength of the Moon |
| 7:40 | Moon Armor |
| 7:44 | Moon Well |
| 8:05 | Scroll of Protection |
| 8:22 | Scroll of Healing |
| 8:37 | Moon Well |
| 8:52 | Improved Strength of the Moon |
| 8:54 | Huntress |
| 8:54 | Huntress |
| 8:57 | Force of Nature |
| 9:05 | Drunken Brawler |
| 9:28 | Huntress |
| 9:35 | Moon Well |
| 10:02 | Sentinel |
| 10:15 | Huntress |
| 10:17 | Huntress |
| 10:37 | Ancient of Lore |
| 11:21 | Drunken Haze |
| 11:33 | Tree of Eternity |
| 11:55 | Tree of Life |
| 12:05 | Entangling Roots |
| 12:14 | Huntress |
| 14:06 | Scroll of Town Portal |
| 14:06 | Scroll of Protection |
| 14:11 | Abolish Magic |
| 14:13 | Wisp |
| 14:13 | Wisp |
| 14:13 | Wisp |
| 14:13 | Wisp |
| 14:14 | Wisp |
| 14:14 | Wisp |
| 14:26 | Dryad |
| 14:34 | Drunken Brawler |
| 14:39 | Ancient of Wonders |
| 15:06 | Huntress |
| 15:08 | Ancient Protector |
| 15:09 | Ancient Protector |
| 15:26 | Ancient Protector |
| 15:52 | Huntress |
| 16:05 | Huntress |
| 16:05 | Huntress |
| 16:16 | Dryad |
| 16:16 | Dryad |
| 16:16 | Dryad |
| 17:09 | Dryad |
| 17:10 | Dryad |
| 17:29 | Huntress |
| 17:45 | Dryad |
| 18:16 | Huntress |
| 18:49 | Force of Nature |
| Right click | 739 |
| Select | 274 |
| Select group | 181 |
| Build/train/purchase | 91 |
| Use ability | 63 |
| Assign group | 34 |
| Misc. action | 6 |
| Item give/drop | 6 |
| Chat | 4 |
| Esc | 2 |